Cogmind - Beta 16.1 @@@ ROGUE MODE // 2026.02.20 @ 22:31:11 Player: Anting Result: Self-destructed Performance ------------- Evolutions (3) 1500 Regions Visited (11) 2200 Robots Destroyed (186) 930 Value Destroyed (5777) 5777 Prototype IDs (6) 120 Alien Tech Used (0) 0 Bonus (1164) 1164 TOTAL SCORE: 11691 Bonus ------- High Alert Combat Kills 764 Entered Garrisons 400 Cogmind --------- Core Integrity 485/700 Matter 169/300 Energy 15/100 System Corruption 10% Temperature Cool (0) Movement Flying (30) Location -7/Factory Parts ------- > --- POWER (1) -------- (None) > --- PROPULSION (4) --- Improved Flight Unit Cesium-ion Thruster Improved Cesium-ion Thruster > --- UTILITY (6) ------ Medium Storage Unit Improved Sensor Array Improved Signal Interpreter Hacking Suite Hacking Suite Hacking Suite > --- WEAPON (2) ------- Mace > --- INVENTORY (10) --- Cesium-ion Thruster Cesium-ion Thruster Improved Sensor Array Transport Network Coupler Authchip [Propulsion] Improved Trap Extractor (2/6 EM Surge) Improved Trap Extractor (0/6) Heavy Phase Cannon Mini Grenade Launcher Mini Smartbomb Launcher Peak State ------------ > --- POWER ------------ Light Fission Core > --- PROPULSION ------- Improved Flight Unit Improved Flight Unit Improved Flight Unit Improved Cesium-ion Thruster > --- UTILITY ---------- Medium Storage Unit Improved Sensor Array Improved Signal Interpreter Hacking Suite Hacking Suite Hacking Suite > --- WEAPON ----------- Great Axe Spear > --- INVENTORY -------- Cesium-ion Thruster Cesium-ion Thruster Transport Network Coupler Authchip [Propulsion] Authchip [Propulsion] Improved Trap Extractor Improved Trap Extractor Heavy Phase Cannon Mini Grenade Launcher Mini Smartbomb Launcher [Rating: 46] Favorites ----------- Power Ion Engine Engine Ion Engine Power Core Fission Core Propulsion Light Treads Treads Light Treads Leg Aluminum Leg Hover Unit Aerolev Unit Flight Unit Improved Flight Unit Utility Huge Storage Unit Device Seismic Detector Storage Huge Storage Unit Processor Core Analyzer Hackware Hacking Suite Protection Hardened Light Armor Plating Weapon Advanced Beam Cannon Energy Gun Small Laser Energy Cannon Advanced Beam Cannon Ballistic Gun Heavy Assault Rifle Ballistic Cannon Light Cannon Launcher Mini Grenade Launcher Special Weapon Mining Laser Impact Weapon Mace Slashing Weapon Great Axe Piercing Weapon Spear Special Melee Weapon Datajack Build | -11 -10 -10 -9 -9 -8 -8 -8 -8 -7 -7 -7 ------- Run | Yrd Mat Min Mat Min Mat Gar Mat Gar Fac Was Fac Slots Evolved 6 | . . . 2 . 2 . . . 2 . . Power . | . . . . . . . . . . . . Propulsion 2 | . . . 1 . 1 . . . . . . Utility 4 | . . . 1 . 1 . . . 2 . . Weapon . | . . . . . . . . . . . . Parts Attached 104 | 7 10 4 18 2 18 13 8 1 16 . 7 Power 10 | 1 . 1 3 . 1 2 1 . 1 . . Engine 6 | 1 . . 3 . 1 . 1 . . . . Core 4 | . . 1 . . . 2 . . 1 . . Reactor . | . . . . . . . . . . . . Propulsion 40 | 2 3 2 6 . 10 5 6 . 4 . 2 Treads 29 | . 2 2 4 . 10 5 6 . . . . Leg 3 | 2 1 . . . . . . . . . . Wheel . | . . . . . . . . . . . . Hover 1 | . . . 1 . . . . . . . . Flight 7 | . . . 1 . . . . . 4 . 2 Utility 29 | 2 2 . 4 1 4 5 . . 9 . 2 Device 11 | 1 1 . 1 1 2 1 . . 3 . 1 Storage 4 | 1 1 . 1 . . . . . 1 . . Processor 2 | . . . . . 1 . . . 1 . . Hackware 6 | . . . . . . 1 . . 4 . 1 Protection 6 | . . . 2 . 1 3 . . . . . Artifact . | . . . . . . . . . . . . Weapon 25 | 2 5 1 5 1 3 1 1 1 2 . 3 Energy Gun 3 | 2 . 1 . . . . . . . . . Energy Cannon 4 | . . . 2 . . 1 . 1 . . . Ballistic Gun 6 | . . . 2 . 3 . 1 . . . . Ballistic Cannon 2 | . 2 . . . . . . . . . . Launcher 2 | . 1 . . 1 . . . . . . . Special Weapon 1 | . 1 . . . . . . . . . . Impact Weapon 2 | . . . 1 . . . . . . . 1 Slashing Weapon 1 | . . . . . . . . . . . 1 Piercing Weapon 2 | . . . . . . . . . 2 . . Special Melee Weapon 2 | . 1 . . . . . . . . . 1 Unidentified Prototypes 4 | . . . 3 . . . . . 1 . . Parts Lost 25 | . 2 4 5 . 1 6 2 . 1 . 4 Power 4 | . . 1 2 . . . . . . . 1 Propulsion 5 | . 1 2 . . . 1 . . . . 1 Utility 8 | . 1 . 2 . 1 3 1 . . . . Weapon 8 | . . 1 1 . . 2 1 . 1 . 2 Highest Loss Streak 4 | . 1 4 1 . 1 3 1 . 1 . 4 To Critical Strikes . | . . . . . . . . . . . . Average Backups 20 | 2 10 14 22 25 24 24 24 22 6 8 9 Power . | . . . . . . 1 1 1 . . . Propulsion 6 | 1 3 3 6 8 8 7 7 7 1 2 2 Utility 5 | . 3 6 6 5 7 6 6 7 3 5 4 Weapon 6 | . 3 3 8 9 7 7 7 6 1 1 3 Tool/Special . | . . . . . . . . . . . . Unused Backups 34 | . 2 . 10 2 3 1 1 1 6 . 8 Power 1 | . . . . . . 1 . . . . . Propulsion 7 | . 1 . . . . . . 1 3 . 2 Utility 13 | . 1 . 5 . 2 . . . 1 . 4 Weapon 13 | . . . 5 2 1 . 1 . 2 . 2 Tool/Special . | . . . . . . . . . . . . Average Slot Usage (%) 97 | . 94 98 95 100 99 99 99 99 94 92 91 Engine 7 | . 14 2 7 11 9 2 1 8 5 . . Core 1 | . . 11 . . . 6 7 . . 7 6 Treads 27 | . 1 27 32 33 36 35 36 36 . . . Leg 4 | . 26 . . . . . . . . . . Flight 1 | . . . . . . . . . 28 30 30 Device 12 | . 9 14 10 19 13 9 14 18 7 7 6 Storage 10 | . 14 14 11 11 9 9 9 9 7 7 7 Processor 3 | . . . . . 4 9 9 9 7 7 7 Hackware 1 | . . . . . . . . . 18 23 23 Protection 5 | . . . 10 2 8 8 3 . . . . Energy Gun 3 | . 20 1 1 . . . . . . . . Energy Cannon 7 | . . . 8 11 9 8 9 16 . . . Ballistic Gun 6 | . . . 10 10 8 9 8 1 . . . Ballistic Cannon 1 | . 6 25 . . . . . . . . . Peak Build Rating 46 | 7 8 10 19 17 31 32 39 37 42 42 46 Average Rating 21 | 5 7 9 15 16 24 29 34 36 39 41 41 On Entrance 22 | . 7 8 7 17 16 31 31 37 37 41 42 Avg Prop Armor Cover (%) . | . . . . . . . . . . . . Naked Turns . | . . . . . . . . . . . . Heaviest Build 102 | 14 33 32 98 98 102 102 101 95 23 20 21 Greatest Support 88 | 20 40 40 60 60 84 88 88 88 21 21 23 Greatest Overweight (x) 2 | 2 2 1 2 1 1 1 1 1 1 . . Average Overweight (x) . | . . . . 1 1 1 1 1 . . . Largest Inventory Capacity 25 | 8 15 15 25 25 25 25 25 25 25 10 10 Average Capacity 21 | 7 12 15 23 25 25 25 25 25 10 10 10 Most Carried 25 | 3 15 15 25 25 25 25 25 25 25 10 10 Average Carried 20 | 2 10 14 22 24 24 24 24 24 8 8 9 Final Capacity 25 | 8 15 15 25 25 25 25 25 25 10 10 10 Final Carried 25 | 3 15 12 25 25 25 21 24 25 8 10 10 Class Distribution -------------------- 59% | Scavenger-Mutant 34% | Mutant 4% | Hacker-Sprinter Dominant Class ---------------- Mutant | -10/Materials Mutant | -10/Mines Scavenger-Mutant | -9/Materials Scavenger-Mutant | -9/Mines Scavenger-Mutant | -8/Materials Scavenger-Mutant | -8/Garrison Scavenger-Mutant | -8/Materials Mutant | -8/Garrison Hacker-Sprinter | -7/Factory Hacker-Sprinter | -7/Waste Hacker-Sprinter | -7/Factory Resources | -11 -10 -10 -9 -9 -8 -8 -8 -8 -7 -7 -7 ----------- Run | Yrd Mat Min Mat Min Mat Gar Mat Gar Fac Was Fac Matter Collected 3116 | 270 366 60 722 124 514 457 324 79 200 . . Remotely . | . . . . . . . . . . . . Salvage Created 5861 | 127 616 65 1439 99 1223 1030 746 370 132 . 14 Parts 373 | 7 33 4 88 12 76 73 38 29 9 . 4 Haulers Intercepted 18 | . 2 . 6 . 5 . 4 . 1 . . Recyclers Shooed 5 | . 3 . 1 . . . 1 . . . . Parts Field Recycled . | . . . . . . . . . . . . Retrieved Matter . | . . . . . . . . . . . . Parts Self-Destructed . | . . . . . . . . . . . . Prevented . | . . . . . . . . . . . . Parts Restored . | . . . . . . . . . . . . Kills | -11 -10 -10 -9 -9 -8 -8 -8 -8 -7 -7 -7 ------- Run | Yrd Mat Min Mat Min Mat Gar Mat Gar Fac Was Fac Combat Hostiles Destroyed 128 | . 13 2 28 4 17 36 15 10 3 . . Melee 5 | . . . 5 . . . . . . . . Guns 36 | . 8 . 8 . 3 10 6 1 . . . Cannons 50 | . 2 2 4 . 9 18 6 9 . . . AOE 35 | . 3 . 10 4 4 8 3 . 3 . . Classes Destroyed 17 | 2 6 . 4 . . 2 1 2 . . . Worker 7 | . 1 . . . 4 . 2 . . . . Builder 6 | . . . 3 1 1 . . . . . 1 Tunneler 6 | 2 1 . . 3 . . . . . . . Hauler 18 | . 2 . 6 . 5 . 4 . 1 . . Recycler 9 | 1 1 . 4 . 1 . 1 . 1 . . Mechanic 1 | . . . . . . . 1 . . . . Operator 3 | . 1 . 1 . 1 . . . . . . Watcher 8 | . 2 . 3 . 3 . . . . . . Swarmer 56 | . 6 . 11 4 4 20 5 3 3 . . Grunt 45 | . 7 2 10 . 9 9 8 . . . . Brawler 3 | . . . 1 . 1 1 . . . . . Duelist 2 | . . . 1 . . . 1 . . . . Protector 1 | . . . . . . . . 1 . . . Sentry 13 | . . . 5 . 3 4 1 . . . . Demolisher 1 | . . . . . . . . 1 . . . Hunter 3 | . . . . . . 1 . 2 . . . Programmer 4 | . . . . . . 1 . 3 . . . Best Kill Streak 9 | 2 3 2 7 5 6 5 9 3 3 . 1 Combat Bots Only 6 | . 3 2 5 4 4 5 6 3 3 . . Max Kills in Single Turn 6 | 1 3 1 3 3 6 3 3 2 2 . 1 Gunslinging . | . . . . . . . . . . . . Exploded 4 | . 3 . 3 3 4 3 1 . 2 . . Melee 1 | . . . 1 . . . . . . . . Uniques/NPCs Destroyed . | . . . . . . . . . . . . Combat | -11 -10 -10 -9 -9 -8 -8 -8 -8 -7 -7 -7 -------- Run | Yrd Mat Min Mat Min Mat Gar Mat Gar Fac Was Fac Hostile Shots Fired 630 | . 60 23 131 5 84 176 48 45 31 . 27 Missed 173 | . 15 3 32 2 17 49 12 13 16 . 14 Hits 457 | . 45 20 99 3 67 127 36 32 15 . 13 Melee 7 | . . . 5 . 1 1 . . . . . Projectile 450 | . 45 20 94 3 66 126 36 32 15 . 13 AOE 18 | . . 15 . . . . . 3 . . . Critical Strikes 15 | . 2 . 1 . 4 7 1 . . . . Damage Taken 6437 | . 507 669 1199 20 1038 1416 572 464 217 . 335 Core 1019 | . 61 141 197 . 155 106 99 45 95 . 120 Absorbed by Shields 73 | . . . . . . 73 . . . . . Regen/Repaired (Parts) 507 | . . . 372 . 87 . . . 48 . . Core Remaining (%) 48 | 100 . 19 . 50 . . . 26 . . . Volleys Fired 483 | 8 64 7 103 9 84 120 37 48 3 . . Largest 2 | 2 2 2 2 2 2 2 2 2 1 . . Hottest 136 | 90 100 80 91 91 91 91 91 136 30 . . Shots Fired 836 | 16 109 14 175 16 164 192 70 77 3 . . Gun 428 | 16 92 1 122 6 80 72 33 6 . . . Cannon 380 | . 13 13 45 7 83 114 34 71 . . . Launcher 25 | . 1 . 8 3 1 6 3 . 3 . . Special 3 | . 3 . . . . . . . . . . Kinetic 318 | . 13 13 95 6 80 72 33 6 . . . Thermal 482 | 16 95 1 68 7 83 107 34 71 . . . Explosive 25 | . 1 . 8 3 1 6 3 . 3 . . Electromagnetic 11 | . . . 4 . . 7 . . . . . Robot Hit Streak 22 | 3 7 3 8 3 22 15 9 15 . . . Robot Miss Streak 5 | 5 5 2 4 1 5 4 3 4 . . . Penetration Max . | . . . . . . . . . . . . Secondary Targets 2 | . 2 . . . . . . . . . . Max Gunslinging Chain 1 | . 1 . . . . . . . . . . Shots Hit Robots 482 | 8 62 6 113 6 109 99 39 35 4 . 1 Core Hits 284 | 4 33 4 60 11 50 52 42 20 7 . 1 Critical Kills 1 | . . . . . 1 . . . . . . Critical Parts Destroyed 3 | . . . 3 . . . . . . . . Critical Strikes 10 | . 5 . 4 . 1 . . . . . . Burn 5 | . 4 . 1 . . . . . . . . Meltdown 1 | . . . . . 1 . . . . . . Blast 1 | . 1 . . . . . . . . . . Smash 3 | . . . 3 . . . . . . . . Melee Attacks 60 | . . . 24 . . . . . 25 . 11 Impact 24 | . . . 24 . . . . . . . . Slashing . | . . . . . . . . . . . . Piercing 35 | . . . . . . . . . 24 . 11 Sneak Attacks 8 | . . . 4 . . . . . 3 . 1 Combat Hostiles . | . . . . . . . . . . . . Follow-up Attacks . | . . . . . . . . . . . . Damage Inflicted 11321 | 106 931 105 2833 376 2317 2344 1119 734 380 . 76 Guns 3690 | 106 599 13 894 18 880 752 332 96 . . . Cannons 3870 | . 180 88 423 100 1071 1021 349 638 . . . Explosions 2773 | . 132 . 848 258 336 571 438 . 190 . . Melee 864 | . . . 598 . . . . . 190 . 76 Ramming 124 | . 20 4 70 . 30 . . . . . . Kinetic 3061 | . 180 88 715 18 880 752 332 96 . . . Thermal 4367 | 106 599 13 565 100 1071 926 349 638 . . . Explosive 2773 | . 132 . 848 258 336 571 438 . 190 . . Electromagnetic 132 | . . . 37 . . 95 . . . . . Impact 598 | . . . 598 . . . . . . . . Slashing . | . . . . . . . . . . . . Piercing 266 | . . . . . . . . . 190 . 76 Highest Corruption 10 | . . . 4 4 . 1 1 4 . 10 10 Average Corruption 3 | . . . 4 4 . 1 1 3 . 10 10 Corruption Purged . | . . . . . . . . . . . . Corruption Blocked . | . . . . . . . . . . . . Effects 134 | . . . 63 24 . 6 9 24 . . 8 Message Errors 35 | . . . 16 4 . 2 2 9 . . 2 Matter Fused 39 | . . . 20 8 . 1 2 5 . . 3 Heat Flow Errors 14 | . . . 4 3 . . 1 4 . . 2 Energy Discharges 16 | . . . 6 4 . 1 3 2 . . . Parts Rejected 2 | . . . 1 . . . . 1 . . . Data Loss (minor) 14 | . . . 7 3 . 1 . 3 . . . Data Loss (major) 3 | . . . 2 1 . . . . . . . Misfires 4 | . . . 3 1 . . . . . . . Alerts 4 | . . . 2 . . 1 1 . . . . Misdirections 1 | . . . . . . . . . . . 1 Weapon Failures 2 | . . . 2 . . . . . . . . Overload Shots . | . . . . . . . . . . . . Overflow Damage 254 | . . . 197 9 . 17 1 2 28 . . Projectiles 4 | . . . . . . 1 1 2 . . . Explosions 62 | . . . 37 9 . 16 . . . . . Melee 188 | . . . 160 . . . . . 28 . . Knockbacks 2 | . 1 . 1 . . . . . . . . Impact 1 | . . . 1 . . . . . . . . Kinetic 1 | . 1 . . . . . . . . . . Secondary . | . . . . . . . . . . . . Self-Inflicted Damage 130 | . . . 76 . 38 16 . . . . . Shots 5 | . . . 3 . 1 1 . . . . . Rammed 16 | . . 1 10 . 5 . . . . . . Targets Rammed 20 | . 3 1 11 . 5 . . . . . . Kicked 3 | . 3 . . . . . . . . . . Crushed 1 | . . . 1 . . . . . . . . Highest Temperature 282 | 150 216 24 282 202 81 28 227 206 7 . 235 Average Temperature 51 | 75 82 5 34 61 23 10 32 48 7 . 86 Received Heat Transfer 1900 | . 261 42 378 . 495 433 234 . 18 . 39 Siege Activations . | . . . . . . . . . . . . Martial Activations . | . . . . . . . . . . . . Shielding Activations . | . . . . . . . . . . . . Robots Disrupted . | . . . . . . . . . . . . Combat Hostiles . | . . . . . . . . . . . . Robots Corrupted 2 | . . . 2 . . . . . . . . Combat Hostiles 1 | . . . 1 . . . . . . . . Parts Fried 6 | . . . 5 . . 1 . . . . . Impact Corruptions 6 | . . . 6 . . . . . . . . Robots Melted 1 | . . . . . 1 . . . . . . Combat Hostiles 1 | . . . . . 1 . . . . . . Parts Melted 15 | . 1 . 3 . 5 3 1 2 . . . Heat Transferred 8867 | 273 1859 37 1332 185 1924 1570 629 1058 . . . Parts Sabotaged . | . . . . . . . . . . . . Parts Stolen . | . . . . . . . . . . . . Parts Stripped . | . . . . . . . . . . . . Power Chain Reactions . | . . . . . . . . . . . . Alert | -11 -10 -10 -9 -9 -8 -8 -8 -8 -7 -7 -7 ------- Run | Yrd Mat Min Mat Min Mat Gar Mat Gar Fac Was Fac Maximum Alert Level 5 | . . . 1 . 1 5 3 3 3 1 . Low Security (%) 62 | 100 100 100 76 100 98 5 . . . . 100 Level 1 6 | . . . 23 . 1 7 . . . 100 . Level 2 8 | . . . . . . 21 33 18 59 . . Level 3 16 | . . . . . . 25 66 81 40 . . Level 4 4 | . . . . . . 35 . . . . . Level 5 . | . . . . . . 3 . . . . . High Security . | . . . . . . . . . . . . Max Security . | . . . . . . . . . . . . Peak Influence 1626 | 5 107 51 345 125 287 1626 856 967 829 283 191 Initial 792 | . . 31 . 125 . 185 792 507 507 283 191 Average 309 | 1 26 9 135 26 54 912 730 794 623 280 59 Influence Increases 5416 | 15 445 50 972 143 633 1501 485 460 576 . 136 Destroy 0b10 Robot/C 2540 | . 260 40 560 80 340 720 300 180 60 . . Destroy 0b10 Robot/NC 300 | 15 40 . 85 20 75 . 40 10 10 . 5 Destroy Leader 432 | . 58 10 138 10 86 30 58 30 12 . . Successful Hack 184 | . 16 . 27 . 74 16 10 . 24 . 17 Select Force Hacks 90 | . 60 . 30 . . . . . . . . Disable Machine 270 | . . . 60 15 30 30 . 75 45 . 15 Anti-Garrison Action 700 | . . . . . . 550 . 150 . . . Destroy Structure 240 | . 11 . 57 18 13 80 17 15 20 . 9 Partial Spotted 60 | . . . 15 . . . . . 45 . . Lose Combat Pursuer 600 | . . . . . 15 75 60 . 360 . 90 Influence Decreases 5394 | 15 365 130 649 466 348 160 1330 274 732 538 387 Entered New Map 2525 | . . 49 . 198 . 100 834 274 460 528 82 Time Decay 2364 | 15 345 81 614 268 338 . 326 . 262 10 105 Lost Part 195 | . 20 . 35 . 10 60 20 . 10 . 40 Lost Ally 10 | . . . . . . . . . . . 10 Purge Threat 300 | . . . . . . . 150 . . . 150 Squads Dispatched 18 | . 4 . 4 . . . 1 . 7 . 2 Investigation 9 | . 3 . 2 . . . . . 3 . 1 Extermination 2 | . . . . . . . . . 2 . . Reinforcement 5 | . 1 . 2 . . . . . 1 . 1 Assault 2 | . . . . . . . 1 . 1 . . Garrison . | . . . . . . . . . . . . Intercept . | . . . . . . . . . . . . Searches Triggered . | . . . . . . . . . . . . Construction Impeded 1 | . . . 1 . . . . . . . . Haulers Reinforced . | . . . . . . . . . . . . Active Scanning Responses . | . . . . . . . . . . . . Cargo Convoy Interrupts . | . . . . . . . . . . . . Stealth | -11 -10 -10 -9 -9 -8 -8 -8 -8 -7 -7 -7 --------- Run | Yrd Mat Min Mat Min Mat Gar Mat Gar Fac Was Fac Distress Signals 9 | . 1 . 4 1 1 . . . 2 . . Communications Jammed . | . . . . . . . . . . . . Distress Signals . | . . . . . . . . . . . . Times Spotted 207 | . 20 4 40 3 29 34 20 10 33 4 10 Peak Tracking Total 7 | . 3 2 6 3 5 4 4 3 7 5 5 Tactical Retreats 24 | . . . . . 1 4 4 . 12 . 3 ECM-based Alert Blocks 5 | . . . . . . . . . 5 . . Traps | -11 -10 -10 -9 -9 -8 -8 -8 -8 -7 -7 -7 ------- Run | Yrd Mat Min Mat Min Mat Gar Mat Gar Fac Was Fac Traps Triggered 10 | . 1 . . . . 6 . 1 1 . 1 Indirectly . | . . . . . . . . . . . . Trap Hack Attempts 18 | . 8 . . . . . . . . . 10 Triggered . | . . . . . . . . . . . . Disarmed . | . . . . . . . . . . . . Reprogrammed 4 | . 1 . . . . . . . . . 3 Reused . | . . . . . . . . . . . . Traps Extracted . | . . . . . . . . . . . . Installed . | . . . . . . . . . . . . Triggered . | . . . . . . . . . . . . Most Traps Carried 3 | . . . . . . . . 3 3 2 2 Machines | -11 -10 -10 -9 -9 -8 -8 -8 -8 -7 -7 -7 ---------- Run | Yrd Mat Min Mat Min Mat Gar Mat Gar Fac Was Fac Machines Disabled 25 | . . . 4 1 2 8 . 6 3 . 1 Max in Single Turn 1 | . . . 1 1 1 1 . 1 1 . 1 Garrison Access 2 | . . . . . . . . . 2 . . Garrison Relay 7 | . . . . . . 6 . 1 . . . Machines Repaired . | . . . . . . . . . . . . Machines Dismantled . | . . . . . . . . . . . . Machines Sabotaged . | . . . . . . . . . . . . Overloaded Fab Kills . | . . . . . . . . . . . . Hacking | -11 -10 -10 -9 -9 -8 -8 -8 -8 -7 -7 -7 --------- Run | Yrd Mat Min Mat Min Mat Gar Mat Gar Fac Was Fac Machines Accessed 59 | . 7 . 10 . 10 4 3 2 14 . 9 Terminals 35 | . 5 . 7 . 7 4 2 2 3 . 5 Fabricators 5 | . . . . . . . . . 4 . 1 Repair Stations 4 | . . . 1 . 1 . . . 1 . 1 Recycling Units 6 | . 2 . 1 . . . . . 3 . . Scanalyzers 4 | . . . 1 . 1 . . . 1 . 1 Garrison Access 5 | . . . . . 1 . 1 . 2 . 1 Total Hacks 152 | . 12 . 35 . 27 7 14 3 30 . 24 Successful 93 | . 7 . 24 . 20 2 5 . 22 . 13 Failed 57 | . 5 . 11 . 6 5 9 3 7 . 11 Catastrophic 7 | . . . . . 2 2 1 1 . . 1 Database Lockouts 2 | . . . . . 1 . . . 1 . . Manual 75 | . 12 . 16 . 14 . 11 . 15 . 7 Terminals 82 | . 10 . 15 . 17 7 11 3 6 . 13 Fabricators 14 | . . . . . . . . . 10 . 4 Repair Stations 18 | . . . 11 . 2 . . . 2 . 3 Recycling Units 11 | . 2 . 1 . . . . . 8 . . Scanalyzers 18 | . . . 8 . 7 . . . 1 . 2 Garrison Access 9 | . . . . . 1 . 3 . 3 . 2 Terminal Hacks 16 | . . . 1 . 3 2 3 . 1 . 6 Part Schematic 1 | . . . . . . . . . 1 . . Branch Access Points 2 | . . . . . 1 . . . . . 1 Terminal Index 2 | . . . . . . . . . . . 2 Scanalyzer Index 1 | . . . . . 1 . . . . . . Alert Level 1 | . . . . . . . 1 . . . . Unreport Threat 2 | . . . . . . . 1 . . . 1 Locate Traps 1 | . . . . . . . . . . . 1 Hauler Manifests 3 | . . . 1 . 1 . 1 . . . . Zone Layout 1 | . . . . . . . . . . . 1 Garrison Registry 1 | . . . . . . 1 . . . . . Security Stations 1 | . . . . . . 1 . . . . . Fabricator Hacks 9 | . . . . . . . . . 6 . 3 Network Status 2 | . . . . . . . . . 1 . 1 Load Schematic 5 | . . . . . . . . . 4 . 1 Build 2 | . . . . . . . . . 1 . 1 Repair Station Hacks 13 | . . . 8 . 2 . . . 2 . 1 Scan Component 7 | . . . 4 . 1 . . . 1 . 1 Repair 6 | . . . 4 . 1 . . . 1 . . Recycling Unit Hacks 2 | . . . . . . . . . 2 . . Retrieve Components 2 | . . . . . . . . . 2 . . Scanalyzer 13 | . . . 6 . 6 . . . . . 1 Insert Component 5 | . . . 3 . 2 . . . . . . Analyze 6 | . . . 3 . 3 . . . . . . Retrieve Study 2 | . . . . . 1 . . . . . 1 Garrison Access Hacks 4 | . . . . . 1 . 1 . 2 . . Unlock Access 2 | . . . . . 1 . 1 . . . . Seal Access 2 | . . . . . . . . . 2 . . Unauthorized Hacks 36 | . 7 . 9 . 8 . 1 . 9 . 2 Terminals 25 | . 5 . 8 . 8 . 1 . 1 . 2 Assimilate 3 | . . . 1 . . . . . . . 2 Operators 4 | . . . 1 . 2 . . . 1 . . Skim 18 | . 5 . 6 . 6 . 1 . . . . Fabricators 4 | . . . . . . . . . 4 . . Haulers 1 | . . . . . . . . . 1 . . Recompile 3 | . . . . . . . . . 3 . . Repair Stations . | . . . . . . . . . . . . Recycling Units 7 | . 2 . 1 . . . . . 4 . . Reject 1 | . . . . . . . . . 1 . . Recyclers 1 | . . . . . . . . . 1 . . Mask 2 | . . . . . . . . . 2 . . Tunnel 3 | . 2 . 1 . . . . . . . . Scanalyzers . | . . . . . . . . . . . . Garrison Access . | . . . . . . . . . . . . Data Cores Recovered 1 | . . . . . 1 . . . . . . Used . | . . . . . . . . . . . . Hacking Detections 42 | . 2 . 7 . 6 4 3 2 9 . 9 Full Trace Events 3 | . . . 1 . . 1 . . . . 1 Feedback Events . | . . . . . . . . . . . . Feedback Blocked . | . . . . . . . . . . . . Robot Schematics Acquired . | . . . . . . . . . . . . Robots Built . | . . . . . . . . . . . . Authchips . | . . . . . . . . . . . . Time . | . . . . . . . . . . . . Total Robot Build Rating . | . . . . . . . . . . . . Part Schematics Acquired 6 | . . . 3 . 2 . . . 1 . . Parts Built 2 | . . . . . . . . . 1 . 1 Authchips 2 | . . . . . . . . . 1 . 1 Time 111 | . . . . . . . . . 67 . 44 Total Part Build Rating 8 | . . . . . . . . . 4 . 4 Part Studies Acquired 2 | . . . . . 1 . . . . . 1 Parts Repaired 6 | . . . 4 . 1 . . . 1 . . Time 139 | . . . 104 . 16 . . . 19 . . Parts Recycled . | . . . . . . . . . . . . Recycled Matter . | . . . . . . . . . . . . Retrieved Matter . | . . . . . . . . . . . . Retrieved Components 2 | . . . . . . . . . 2 . . Parts Scanalyzed 5 | . . . 3 . 2 . . . . . . Part Schematics Acquired 5 | . . . 3 . 2 . . . . . . Parts Damaged . | . . . . . . . . . . . . Bothacking | -11 -10 -10 -9 -9 -8 -8 -8 -8 -7 -7 -7 ------------ Run | Yrd Mat Min Mat Min Mat Gar Mat Gar Fac Was Fac Used RIF Installer . | . . . . . . . . . . . . Robots Hacked 1 | . . . . . . . . . 1 . . Non-combat 1 | . . . . . . . . . 1 . . Combat . | . . . . . . . . . . . . Robot Hacks Applied 1 | . . . . . . . . . 1 . . find_chute 1 | . . . . . . . . . 1 . . Relay Couplers Released 33 | . . . . . . 30 . 3 . . . Machine Destruction 29 | . . . . . . 26 . 3 . . . Programmers 4 | . . . . . . 4 . . . . . Fabnet Peak Effective % . | . . . . . . . . . . . . Robots Rewired . | . . . . . . . . . . . . Allies Hacked . | . . . . . . . . . . . . Hacks Repelled . | . . . . . . . . . . . . Allies | -11 -10 -10 -9 -9 -8 -8 -8 -8 -7 -7 -7 -------- Run | Yrd Mat Min Mat Min Mat Gar Mat Gar Fac Was Fac Total Allies 1 | . . . . . . . . . . . 1 Largest Group 1 | . . . . . . . . . . . 1 Highest-Rated Group 26 | . . . . . . . . . . . 26 Highest-Rated Ally 26 | . . . . . . . . . . . 26 Initial Warlord ECA Mod 12 | . . . . . . . 10 10 12 12 12 Total Orders . | . . . . . . . . . . . . Ally Attacks . | . . . . . . . . . . . . Total Damage . | . . . . . . . . . . . . Kills . | . . . . . . . . . . . . Allies Corrupted . | . . . . . . . . . . . . Allies Melted . | . . . . . . . . . . . . Intel | -11 -10 -10 -9 -9 -8 -8 -8 -8 -7 -7 -7 ------- Run | Yrd Mat Min Mat Min Mat Gar Mat Gar Fac Was Fac Active Infowar (turns) 7829 | 109 1461 435 347 901 1735 . 570 1474 554 27 216 Sensors 785 | . . . . . . . . . 542 27 216 Seismic 7047 | 109 1461 435 347 901 1735 . 570 1474 15 . . ECM 12 | . . . . . . . . . 12 . . Robot Analysis Total . | . . . . . . . . . . . . Derelict Logs Recovered 2 | . . . . 2 . . . . . . . Drone Launches . | . . . . . . . . . . . . Drone Recoveries . | . . . . . . . . . . . . Exploration | -11 -10 -10 -9 -9 -8 -8 -8 -8 -7 -7 -7 ------------- Run | Yrd Mat Min Mat Min Mat Gar Mat Gar Fac Was Fac Turns Passed 14276 | 147 2202 435 2928 1213 2446 1869 739 1474 572 27 224 Spaces Moved 6433 | 94 710 250 1009 492 737 627 245 250 1450 86 483 Core 17 | 17 . . . . . . . . . . . Treads 3671 | . 61 250 1009 492 737 627 245 250 . . . Legs 726 | 77 649 . . . . . . . . . . Wheels . | . . . . . . . . . . . . Hover . | . . . . . . . . . . . . Flight 2019 | . . . . . . . . . 1450 86 483 Fastest Speed 27 | 50 120 160 160 240 232 232 240 247 29 29 27 Average Speed 157 | 112 168 160 221 240 237 237 243 247 29 29 28 Slowest Speed 320 | 150 260 240 320 240 240 240 247 247 97 29 30 Overloaded Moves . | . . . . . . . . . . . . Propulsion Burnouts . | . . . . . . . . . . . . Robots Hopped 11 | . . . . . . . . . 5 . 6 Potential Cave-ins . | . . . . . . . . . . . . Cave-ins Triggered . | . . . . . . . . . . . . Exploration Rate (%) 56 | 5 97 63 71 99 60 80 22 44 36 85 14 Regions Visited 11 Branch Regions 2 Pre-discovered Areas 8 | . 3 . 3 1 1 . . . . . . Known Exits Taken 5 | . . 1 1 1 1 . 1 . . . . Unknown Exits Taken 2 | 1 1 . . . . . . . . . . Scrap Searched 6 | . . 2 . 4 . . . . . . . Spaces Dug 58 | . 3 . 1 5 . 7 . . 33 . 9 Terrain Destroyed 175 | . 11 . 55 21 9 25 12 . 33 . 9 Melee 19 | . . . 1 . . . . . 9 . 9 Projectile 3 | . 3 . . . . . . . . . . AOE 153 | . 8 . 54 21 9 25 12 . 24 . . Terrain Rammed . | . . . . . . . . . . . . Walls Destroyed . | . . . . . . . . . . . . Machines Disabled . | . . . . . . . . . . . . Actions | -11 -10 -10 -9 -9 -8 -8 -8 -8 -7 -7 -7 --------- Run | Yrd Mat Min Mat Min Mat Gar Mat Gar Fac Was Fac Total 9619 | 115 1600 270 1486 512 1275 811 321 1033 1564 87 545 Wait 2252 | 4 778 5 251 1 383 19 13 728 36 . 34 Move 6403 | 93 709 249 1008 491 737 626 245 248 1440 85 472 Hop 10 | . . . . . . . . . 5 . 5 Pick Up 93 | 3 18 1 31 4 11 3 6 3 10 2 1 Fast Attach 41 | 7 4 . 13 . 3 5 1 1 2 . 5 Attach 37 | . 2 3 6 . 3 6 2 . 14 . 1 Detach 4 | . . . 3 . 1 . . . . . . Swap 80 | . 6 2 15 3 23 13 9 1 6 . 2 Drop 110 | . 8 2 21 4 25 11 8 2 25 . 4 Fire 483 | 8 64 7 103 9 84 120 37 48 3 . . Melee 58 | . . . 24 . . . . . 23 . 11 Ram . | . . . . . . . . . . . . Kick 3 | . 3 . . . . . . . . . . Crush 17 | . . 1 11 . 5 . . . . . . Escape Stasis 10 | . . . . . . 8 . 2 . . . Rewire . | . . . . . . . . . . . . Trap 18 | . 8 . . . . . . . . . 10 Miscellaneous . | . . . . . . . . . . . . Route ------- -11/Scrapyard -10/Materials (discovered 5 exits: *Mat x3 / [*Min] / [*Sub]) -10/Mines (discovered 2 exits: *Mat x2) -9/Materials (discovered 5 exits: Mat x3 / *Min x2) -9/Mines (discovered 2 exits: *Mat x2) -8/Materials (discovered 3 exits: *Fac x2 / Gar) -8/Garrison (discovered 3 exits: *Mat x3) -8/Materials -8/Garrison (discovered 2 exits: *Fac x2) -7/Factory (discovered 3 exits: Fac / *Low x2) -7/Waste -7/Factory (discovered 4 exits: *Fac / Sto / Low x2) History --------- Turn | Location | Event 8 | -11/Scrapyard | Discovered new exit (range 16) 148 | -11/Scrapyard | Entered Materials 301 | -10/Materials | Build established: Mutant 948 | -10/Materials | Discovered new exit (range 15) 1185 | -10/Materials | Discovered new exit (range 16) 1296 | -10/Materials | Discovered new exit (range 7) 1588 | -10/Materials | Discovered new exit (range 9) 1619 | -10/Materials | Identified exit to Materials 1651 | -10/Materials | Learned location of 3 exits from Materials 1672 | -10/Materials | Learned location of Mines (-9) 1683 | -10/Materials | Learned 2 Mines zone layouts 2350 | -10/Materials | Entered Mines 2765 | -10/Mines | Assembled infested the area 2777 | -10/Mines | Core integrity fell below 50% 2785 | -10/Mines | Core integrity fell below 20% 2785 | -10/Mines | Entered Materials 2785 | -9/Materials | Evolved 2 slots: Propulsion x1, Utility x1 2786 | -9/Materials | Identified exit to Materials 2787 | -9/Materials | Identified exit to Mines 2809 | -9/Materials | Lost 4 parts (1p2n1w) 3586 | -9/Materials | Build established: Scavenger-Mutant 4112 | -9/Materials | Repaired Lgt. Treads 4139 | -9/Materials | Repaired Lgt. Treads 4167 | -9/Materials | Repaired Lgt. Treads 4194 | -9/Materials | Repaired Grenade Launcher 4734 | -9/Materials | Learned Storage stockpile data 4992 | -9/Materials | Learned location of Zion (-6) 4998 | -9/Materials | Learned location of 2 exits from Materials 5005 | -9/Materials | Learned 2 Storage zone layouts 5053 | -9/Materials | Learned Storage emergency access door positions 5713 | -9/Materials | Entered Mines 5932 | -9/Mines | Learned Materials stockpile data 6260 | -9/Mines | Joined a pair of Derelicts in attacking an 0b10 outpost 6926 | -9/Mines | Entered Materials 6926 | -8/Materials | Evolved 2 slots: Propulsion x1, Utility x1 6927 | -8/Materials | Identified exit to Factory 8264 | -8/Materials | Central database locked down 8348 | -8/Materials | Learned location of Extension (-5) 8399 | -8/Materials | Learned 4 Factory zone layouts 8440 | -8/Materials | Learned Storage emergency access door positions 8534 | -8/Materials | Learned 4 Recycling zone layouts 8580 | -8/Materials | Learned Factory security intel 9066 | -8/Materials | Repaired Med. Armor Plating 9372 | -8/Materials | Identified exit to Garrison 9372 | -8/Materials | Entered Garrison 9467 | -8/Garrison | Triggered checkpoint 9579 | -8/Garrison | Garrison Relay disabled 9693 | -8/Garrison | Triggered checkpoint 9909 | -8/Garrison | Discovered new exit (range 10) 9959 | -8/Garrison | Triggered checkpoint 10076 | -8/Garrison | Garrison Relay disabled 10124 | -8/Garrison | Learned Materials security intel 10374 | -8/Garrison | Triggered checkpoint 10379 | -8/Garrison | Triggered checkpoint 10430 | -8/Garrison | Garrison Relay disabled 10545 | -8/Garrison | Triggered checkpoint 10622 | -8/Garrison | Garrison Relay disabled 10691 | -8/Garrison | Discovered new exit (range 10) 10765 | -8/Garrison | Discovered new exit (range 60) 10765 | -8/Garrison | Discovered new exit (range 12) 10765 | -8/Garrison | Discovered new exit (range 29) 10965 | -8/Garrison | Garrison Relay disabled 11128 | -8/Garrison | Lost 3 parts (1n2w) 11166 | -8/Garrison | Garrison Relay disabled 11241 | -8/Garrison | Entered Materials 11493 | -8/Materials | Core integrity fell below 50% 11641 | -8/Materials | First assault squad dispatched 11945 | -8/Materials | Build established: Mutant 11980 | -8/Materials | Identified exit to Garrison 11980 | -8/Materials | Entered Garrison 12193 | -8/Garrison | Triggered checkpoint 12378 | -8/Garrison | Garrison Relay disabled 12416 | -8/Garrison | Discovered exit to Factory (range 14) 13193 | -8/Garrison | Attempted to access garrison exit controls, blocked by remote lockdown 13292 | -8/Garrison | Triggered checkpoint 13424 | -8/Garrison | Discovered exit to Factory (range 10) 13454 | -8/Garrison | Entered Factory 13454 | -7/Factory | Evolved 2 slots: Utility x2 13455 | -7/Factory | Identified exit to Lower Caves 13456 | -7/Factory | Identified exit to Factory 13854 | -7/Factory | First assault squad dispatched 13868 | -7/Factory | Build established: Hacker-Sprinter 13953 | -7/Factory | Repaired Lgt. Deuterium Engine+? 13960 | -7/Factory | Fabricated Cld. VTOL Module? 13990 | -7/Factory | Central database locked down 14026 | -7/Factory | Sucked down chute 14026 | -7/Factory | Entered Waste 14030 | -7/Waste | Found Prototype Launcher 14032 | -7/Waste | Spotted C-40 Crusher 14032 | -7/Waste | Spotted C-40 Crusher 14036 | -7/Waste | Spotted C-40 Crusher 14036 | -7/Waste | Spotted C-40 Crusher 14041 | -7/Waste | EMP discharged 14041 | -7/Waste | System corruption reached 10% 14046 | -7/Waste | Discovered new exit (range 11) 14053 | -7/Waste | Identified exit to Factory 14053 | -7/Waste | Entered Factory 14206 | -7/Factory | Identified Mni. Smartbomb Launcher 14209 | -7/Factory | Discovered exit to Factory (range 5) 14240 | -7/Factory | Identified exit to Storage 14240 | -7/Factory | Watched by a mysterious "MATRIX" hacker. 14250 | -7/Factory | Fabricated Cld. VTOL Module? 14277 | -7/Factory | Self-destructed Last Messages --------------- 14254_ Attempting to reprogram Proton Bomb Trap. 14256_ Proton Bomb Trap reprogrammed. 14257_ Attempting to reprogram Proton Bomb Trap. 14264_ System corruption misinterpreted. 14264_ Triggered Proton Bomb Trap. 14264_ A bubble of electromagnetic force engulfs the area. 14264_ Power Conduit explodes. 14264_ Lgt. Fission Core destroyed. 14264_ Spear destroyed. 14264_ Datajack destroyed. 14264_ Door malfunctions. 14264_ Power Conduit explodes. 14264_ K-01 Serf collects debris. 14266_ R-06 Scavenger collects Wheel. 14273_ Penetrated by Slug. 14273_ Cesium-ion Thruster+ destroyed. 14276_ Acquired Mace. Map ----- +----------------------------------------------------+ | ?????????????????????????????# """"" #?????????? | | ?????????????????????????????# "" F" #?????????? | | ?????????????????????????????# #?????????? | | ?????????????????????????????# #?????????? | | ?????????????????????????????# #?????????? | | ?????????????????????????????# #?????????? | | ??????????????????### #########+########?????????? | | ??????????????????# #########???????? | | ??????????????????# ????? | | ??????????????????# """""" #######?????????? | | ??????????????????# """""" ""##???????????????? | | ?????????????????????? """""" T"#????????????????? | | ??????????????????# """""" ""#####????????????? | | ??????????????????# # #????????????? | | ??????????????????+ < #????????????? | | ??????????????????# #########h #????????????? | | ??????????????????# ?????????## ##????????????? | | ??????????????????##?#???????????# #?????????????? | | ???????????????????????????????###h###???????????? | | ???????????????????????????????# #???????????? | | ???????????????????????????????# #???????????? | | ??????????????????????##???????# #???????????? | | ??????????????????????########## #???????????? | | ???????????????????????# + #???????????? | | ????????????????????#?## # #???????????? | | ???????????????????? ? # @ # ########????? | | ???????????????????? ? # # ##### | | ???????????????????" " #! # | | ????????????????# " " # + | | ???? ???????# " " # # """ """ """ """ | | ?? #?????# " " # # """ """ """ """ | | ? ??????# " " # ## """ """ """ """ | | ?? ??##### " " # % ## | | ??# ??# # " " # ## """ """ """ | | ??# ??# # " " ########## == """ """ """ | | ???# #??# #! " " ## == """ """ """ | | ???# #??# # u =] | | ???# #??# # ## """ """ !! | | ???# #??# ####+#### """ """ !! | | ???# ##?# ## ## """ """ !!? | | ??## "####+### % ???? | | ??#" ! ????? | | ###"""" ###### ! #################????? | | "#??# ######????????????????????? | | "######+#####???????????????????????? | | "## #???????????????????????? | | ^ "## ""T"" #???????????????????????? | | " # """"" #???????????????????????? | | " #] #???????????????????????? | | ###" ""############???????????????????????? | +----------------------------------------------------+ Best States ------------- Heat Dissipation 53 Energy Generation 18 Energy Capacity 310 Matter Stores 300 Matter Capacity 300 Sight Range 16 Robot Scan Range 15 Terrain Scan Density 10 ECM Strength 2 Armor Coverage 225 Evasion (%) 64 Core Analysis 6 Recoil Reduction 4 Offensive Hacking 30 Authchip Count 2 Item Schematics ----------------- Lgt. Assault Rifle | -9/Materials | Scanalyzed Hacking Suite | -9/Materials | Scanalyzed Lgt. Treads | -9/Materials | Scanalyzed Imp. Sensor Array | -8/Materials | Scanalyzed Imp. Signal Interpreter | -8/Materials | Scanalyzed Cld. VTOL Module | -7/Factory | Hacked Robot Schematics ------------------ None Fabricated ------------ Cld. VTOL Module | x1 | -7/Factory | Authchip Cld. VTOL Module | x1 | -7/Factory | Authchip Repaired ---------- Lgt. Treads | 10% | -9/Materials Lgt. Treads | 5% | -9/Materials Lgt. Treads | 33% | -9/Materials Grenade Launcher | 66% | -9/Materials Med. Armor Plating | 27% | -8/Materials Lgt. Deuterium Engine | 4% | -7/Factory Studied --------- Lgt. Deuterium Engine | -8/Materials | Hacked Cesium-ion Thruster | -7/Factory | Hacked Alien Tech Used ----------------- None Achievements -------------- None Challenges ------------ None Game ------ Seed ZeronetHybridRecalibrator Manual? 0 Play Time 01:19:14 Cumulative 434.4 hours Start 2026.02.20 @ 20:59:45 End 2026.02.20 @ 22:31:11 Sessions 1 Manual Loads 0 Difficulty Rogue Special Mode None Game No. 281 Rogue 281 Adventurer 0 Explorer 0 Win Type - Total 29 Types 10/0/9/1/1/0/3/2/2/1 Lore% 84 Gallery% 78 Achievement% 72 Wizard Run 0 Options --------- Layout 1 ASCII 0 Keyboard 0 Movement Mouse Keybinds 0 Fullscreen 2 Font 24/Smallcaps Map View 50x35 Zoom Use 0% Tactical HUD 1 Map Filters NONE Filters NONE Steam 1 RUN: 6980628b-5912-4350-9605-f14c46ef2e3b